 Dungeon Crawl Stone Soup version 0.31-a0-1272-g9f703e4c1d (webtiles) character file.

Game seed: 5890712176185450803

122 Majang the Shooter (level 4, 0/27 HPs)
             Began as a Deep Elf Hunter on Dec 17, 2023.
             Succumbed to Sigmund's poison
             ... on level 2 of the Dungeon.
             The game lasted 00:08:16 (1228 turns).

Majang the Shooter (Deep Elf Hunter)                Turns: 1228, Time: 00:08:17

Health: 0/27       AC:  3    Str:  8    XL:     4   Next: 78%
Magic:  15/15      EV: 12    Int: 14    God:
Gold:   119        SH:  0    Dex: 20    Spells: 3/3 levels left

rFire   . . .        a - +0 shortbow
rCold   . . .        (shield currently unavailable)
rNeg    . . .        c - +0 leather armour
rPois   .            (no helmet)
rElec   .            (no cloak)
rCorr   .            (no gloves)
SInv    +            (no boots)
Will    .....        (no amulet)
Stlth   ++           f - ring of see invisible
HPRegen 0.24/turn    j - ring of magical power
MPRegen 0.14/turn

%: no passive effects
@: lethally poisoned (0 -> -9)
A: no striking features
a: no special abilities


You were on level 2 of the Dungeon.
You visited 1 branch of the dungeon, and saw 2 of its levels.

You collected 119 gold pieces.

Inventory:

Hand Weapons
 a - a +0 shortbow (weapon)
Armour
 c - a +0 leather armour (worn)
Jewellery
 f - a ring of see invisible (left hand)
 j - a ring of magical power (right hand)
 n - an amulet of guardian spirit
Scrolls
 b - a scroll of butterflies
 d - 3 scrolls of amnesia {unknown}
 g - 2 scrolls of fear {unknown}
 h - 2 scrolls of blinking {unknown}
 k - 3 scrolls of identify {unknown}
 l - a scroll of poison {unknown}
 o - a scroll of teleportation {unknown}
Potions
 m - a potion of might


   Skills:
 + Level 2.6 Fighting
 * Level 7.3 Ranged Weapons
 - Level 2.4 Dodging
 - Level 1.2 Stealth


You had 3 spell levels left.
You didn't know any spells.
Your spell library was empty.

Dungeon Overview and Level Annotations

Branches:
Dungeon (2/15)

Altars:


Message History

Sigmund gestures at you while chanting. The puff of flame hits you.
You shoot an arrow. The arrow closely misses Sigmund.
You shoot an arrow. The arrow hits Sigmund.
Sigmund is lightly wounded.
You shoot an arrow. The arrow hits Sigmund.
Sigmund is moderately wounded.
You shoot an arrow. The arrow closely misses Sigmund.
You shoot an arrow. The arrow hits Sigmund.
Sigmund is heavily wounded.
Sigmund casts a spell at you. The puff of flame hits you!
It was a potion of cancellation.
You feel magically purged.
It was a potion of curing.
You feel better.
Sigmund hits you from afar with a +0 scythe of venom.
You are poisoned.
You shoot an arrow. The arrow hits Sigmund!
Sigmund is almost dead.
You feel very sick.
Sigmund hits you from afar with a +0 scythe of venom.
You are lethally poisoned!
You shoot an arrow. The arrow hits Sigmund.
Sigmund is almost dead.
You feel very sick.
Sigmund says, "Your kind have come here before.
I understand now why.
You desire death..."
Sigmund hits you from afar with a +0 scythe of venom.
* * * LOW HITPOINT WARNING * * *
Okay, then.
Fire: a) +0 shortbow
Press: ? - help, Q - select action Shift-Dir - straight line, f/p - Sigmund
Aim: Sigmund, wielding a +0 scythe of venom and wearing a +0 robe (almost dead, 63% to hit)
You shoot an arrow. The arrow closely misses Sigmund.
* * * LOW HITPOINT WARNING * * *
You feel very sick.
Fire: a) +0 shortbow
Press: ? - help, Q - select action Shift-Dir - straight line, f/p - Sigmund
Aim: Sigmund, wielding a +0 scythe of venom and wearing a +0 robe (almost dead, 63% to hit)
You shoot an arrow. The arrow hits Sigmund.
You kill Sigmund!
You die...

......
......##+###
...........#
...........#
#..>......#
#...).....#
#.........#
#...<.@...#
#.<.......#
#.........#
#.........#
##†.....###
#†###### #.#
#.# #####
#†# #...#


There were no monsters in sight!

Vanquished Creatures
  Sigmund (D:2)
  Natasha (twice) (D:2)
  An adder (D:2)
  2 worms (D:2)
  2 dart slugs
  3 bats
  6 endoplasms
  4 goblins
  6 hobgoblins
  6 jackals (D:1)
  2 quokkas
  3 ball pythons
  5 frilled lizards (D:1)
  4 kobolds
  3 rats (D:1)
50 creatures vanquished.

Notes
Turn   | Place    | Note
-------+----------+-------------------------------------------
     0 | D:1      | Majang the Deep Elf Hunter began the quest for the Orb.
     0 | D:1      | Reached XP level 1. HP: 12/12 MP: 3/3
    49 | D:1      | Reached XP level 2. HP: 1/17 MP: 4/4
   229 | D:1      | Reached skill level 6 in Ranged Weapons
   437 | D:1      | Reached XP level 3. HP: 21/21 MP: 5/5
   694 | D:2      | Noticed Natasha
  1049 | D:2      | Killed Natasha
  1050 | D:2      | Reached skill level 7 in Ranged Weapons
  1050 | D:2      | Reached XP level 4. HP: 14/27 MP: 6/6
  1189 | D:2      | Noticed Natasha
  1194 | D:2      | Killed Natasha
  1216 | D:2      | Noticed Sigmund
  1228 | D:2      | Killed Sigmund
  1228 | D:2      | Succumbed to Sigmund's poison

Illustrated notes

Levels and vault maps discovered:
D:1:      lemuel_arrival_broad_hall, layout_loops_ring, serial_bayou_pond_a
D:2:      layout_basic, uniq_natasha, uniq_sigmund

Skill      XL: |  1  2  3 |
---------------+----------+-----
Ranged Weapons | 6 7 |  7.3
Fighting       | 2 |  2.6
Dodging        | |  2.4
Stealth        | |  1.2

Action                     |  1- 3 |  4- 6 || total
---------------------------+-------+-------++-------
   Fire: Shortbow          |   114 |    24 ||   138
    Use: Potion            |     1 |     2 ||     3
 Armour: Leather armour    |    28 |    10 ||    38
  Dodge: Dodged            |    38 |     2 ||    40

Table legend: (Time is in decaauts)
 A = Elapsed time spent in this place.
 B = Non-inter-level travel time spent in this place.
 C = Inter-level travel time spent in this place.
 D = Time resting spent in this place.
 E = Time spent auto-exploring this place.
 F = Levels seen in this place.
 G = Mean time per level.
                   A        B        C        D        E       F      G
               +--------+--------+--------+--------+--------+-----+--------+
         Total |   1262 |   1226 |     36 |    259 |     91 |   2 |  631.0 |
       Dungeon |   1262 |   1226 |     36 |    259 |     91 |   2 |  631.0 |
               +--------+--------+--------+--------+--------+-----+--------+

Top non-repeatable levels by time:
     D:1: 720 daAuts
     D:2: 541 daAuts
